 Dungeon Crawl Stone Soup version 0.30.2 (webtiles) character file.

Game seed: 4828332478337483585

469 Arex the Trooper (level 6, 0/55 HPs)
             Began as a Draconian Fighter on Apr 25, 2024.
             Was a Believer of Qazlal.
             Slain by an ogre
             ... wielding a +0 giant club
              (29 damage)
             ... on level 4 of the Dungeon.
             The game lasted 00:04:57 (2814 turns).

Arex the Trooper (Draconian Fighter)                Turns: 2814, Time: 00:04:57

Health: 0/55       AC:  8    Str: 26    XL:     6   Next: 82%
Magic:  2/8        EV: 11    Int:  9    God:    Qazlal [**....]
Gold:   140        SH: 13    Dex: 10    Spells: 5/5 levels left

rFire   . .          .
                       - Unarmed
rCold   . . .        l - +2 kite shield
rNeg    . . .        (body armour unavailable)
rPois   .            (helmet restricted)
rElec   .            m - +0 cloak
rCorr   .            u - +0 pair of gloves "Huholo" {Regen+}
SInv    .            (no boots)
Will    .....        (no amulet)
Stlth   +            d - +6 ring of strength
HPRegen 1.09/turn    (no ring)
MPRegen 0.11/turn

%: no passive effects
@: studying Invocations
A: AC +6, unfitting armour, cold-blooded
a: Renounce Religion, Upheaval


You were on level 4 of the Dungeon.
You worshipped Qazlal.
Qazlal was pleased with you.
You visited 1 branch of the dungeon, and saw 4 of its levels.

You collected 140 gold pieces.

Inventory:

Armour
 a - a +0 buckler
 l - a +2 kite shield (worn)
 m - a +0 cloak (worn)
 u - the +0 pair of gloves "Huholo" (worn) {Regen+}
   (You acquired it on level 3 of the Dungeon)

   Regen:     It increases your rate of health regeneration.
Jewellery
 d - a +6 ring of strength (left hand)
Wands
 t - a wand of paralysis (5)
Scrolls
 e - a scroll of identify {unknown}
 f - a scroll of poison
 g - a scroll of vulnerability {unknown}
 j - a scroll of torment {unknown}
 k - a scroll of enchant weapon {unknown}
 q - a scroll of enchant armour {unknown}
Potions
 b - a potion of might
 c - 2 potions of curing {unknown}
 i - 2 potions of degeneration {unknown}
 n - a potion of resistance {unknown}
 o - a potion of ambrosia {unknown}
 p - a potion of heal wounds {unknown}
 r - a potion of mutation {unknown}
 s - a potion of lignification {unknown}


   Skills:
 + Level 4.8 Fighting
 + Level 3.9 Dodging
 + Level 4.3 Shields
 + Level 3.6 Unarmed Combat
 + Level 3.2 Invocations
 - Level 1.0 Evocations


You had 5 spell levels left.
You didn't know any spells.
Your spell library contained the following spells:

 Spells                   Type           Power      Damage    Failure   Level
 Apportation              Tloc           0%         N/A       63%         1
 Necrotise                Necr           0%         1d4       63%         1
 Summon Small Mammal      Summ           0%         N/A       63%         1
 Summon Forest            Summ/Tloc      0%         N/A       100%        5
 Summon Mana Viper        Hex/Summ       0%         N/A       100%        5
 Summon Cactus Giant      Summ           0%         N/A       100%        6


Dungeon Overview and Level Annotations

Branches:
Dungeon (4/15) Zot: 21171
 Temple: D:4-7

Altars:
Hepliaklqana
Qazlal

Shops:
D:1 *


Innate Abilities, Weirdness & Mutations

Your plain brown scales are hard. (AC +6)
You cannot fit into any form of body armour.
You are cold-blooded and may be slowed by cold attacks.


Message History

The endoplasm is engulfed in a thunderstorm.
You kill the endoplasm!
Qazlal accepts your kill.
A jelly comes into view.
Okay, then.
A kobold comes into view.
It is wielding a +2 dagger of venom and quivering poisoned darts.
Found a scroll labelled FIMPY YFROT and a club.
The kobold shouts!
Aiming: Upheaval
Press: ? - help, Dir - move target Magma suddenly erupts from the ground!
The kobold throws a poisoned dart.
You block the poisoned dart. The iguana misses you.
Unknown command.
Aiming: Upheaval
Press: ? - help, Dir - move target The ground shakes violently, spewing rubble!
The blast of rubble hits the hound!!
You kill the hound!
Qazlal accepts your kill.
The blast of rubble hits the iguana!!
You kill the iguana!
Qazlal accepts your kill.
You hear a shout! x2
The kobold throws a poisoned dart.
You block the poisoned dart.
Your Invocations skill increases to level 3!
You hit the ogre. You tail-slap the ogre.
The ogre is moderately wounded.
The kobold throws a poisoned dart.
The poisoned dart barely misses you.
The poisoned dart hits the ogre!
The ogre is poisoned.
The ogre hits you with a +0 giant club!!
Ouch! That really hurt!
You closely miss the ogre.
Your tail-slap misses the ogre.
The ogre is moderately wounded.
Unknown command.
You hit the ogre.
The ogre is heavily wounded.
The ogre hits you with a +0 giant club!!
Ouch! That really hurt!
You die...

#...###. .##
#....#. ...
.....# #... ....
..... ..#
.....###.# #
.?.......# ...
...K.....#.....
.......@...?...
........O>.....
.....##......).
##.#####.......
#. ......###..
#......##..J. ?
#.#........
....##.#.....O.#
................#


You could see an ogre (very poisoned) and a kobold.

Vanquished Creatures
  A black bear (D:3)
  A phantom (D:4)
  2 hounds
  A sleepcap (D:3)
  2 iguanas (D:4)
  7 adders
  3 dart slugs
  10 orcs (D:3)
  6 endoplasms
  A giant cockroach (D:2)
  7 goblins
  A hobgoblin (D:1)
  3 jackals (D:2)
  9 kobolds
  A quokka (D:2)
  9 ball pythons
  10 bats
  5 frilled lizards
  10 rats
89 creatures vanquished.

Notes
Turn   | Place    | Note
-------+----------+-------------------------------------------
     0 | D:1      | Arex the Draconian Fighter began the quest for the Orb.
     0 | D:1      | Reached XP level 1. HP: 19/19 MP: 1/1
   125 | D:1      | Found Suph's Assorted Antiques.
   174 | D:1      | Reached XP level 2. HP: 14/26 MP: 2/2
   549 | D:1      | Reached XP level 3. HP: 33/33 MP: 3/3
   782 | D:2      | Found a faded altar of an unknown god.
   788 | D:2      | Prayed at the altar of an unknown god.
   788 | D:2      | Became a worshipper of Qazlal Stormbringer
   788 | D:2      | Reached * piety under Qazlal
   948 | D:2      | Found a hazy altar of Hepliaklqana.
  1344 | D:2      | Reached XP level 4. HP: 40/40 MP: 4/4
  1410 | D:2      | Reached ** piety under Qazlal
  1734 | D:3      | Noticed a black bear
  1747 | D:3      | Killed a black bear
  1748 | D:3      | Reached skill level 1 in Invocations
  1748 | D:3      | Reached XP level 5. HP: 33/46 MP: 4/6
  1872 | D:3      | Identified the +5 rapier of Nipotig {drain, *Corrode rPois
                  | Int+4}
  2148 | D:3      | Reached XP level 6. HP: 46/53 MP: 7/7
  2675 | D:3      | Identified 2 scrolls of acquirement
  2675 | D:3      | Acquired the +0 pair of gloves "Huholo" {Regen+}
  2682 | D:3      | Acquired a manual of Invocations
  2790 | D:4      | Reached skill level 1 in Evocations
  2814 | D:4      | Slain by an ogre

Illustrated notes

Levels and vault maps discovered:
D:1:      eino_arrival_cavern_b, layout_rooms, serial_shops, shop,
          minmay_distorted
D:2:      minmay_chambers_of_twos, layout_loops_ring,
          hellmonk_ecumenical_altar_pennies_from_heaven, basic_altar,
          minivault_14
D:3:      layout_basic
D:4:      layout_cave_pools, nicolae_vehumet_altar_sigil, lemuel_doored_altar,
          tso_metal_star, temple_fountains, minmay_misc_feat_diagonals,
          kennysheep_cluttered_room, minmay_misc_feat_cross,
          minmay_pentomino_pile, uniq_menkaure

Skill      XL: |  1  2  3  4  5  6 |
---------------+-------------------+-----
Dodging        | 3 |  3.9
Fighting       | 4 |  4.8
Unarmed Combat | 3 |  3.6
Invocations    | 1 2 3 |  3.2
Shields        | 4 |  4.3
Evocations     | 1 |  1.0

Action                     |  1- 3 |  4- 6 || total
---------------------------+-------+-------++-------
  Melee: Unarmed           |   129 |   181 ||   310
         Tailslap          |    13 |    29 ||    42
 Invoke: Upheaval          |       |     2 ||     2
    Use: Scroll            |       |     3 ||     3
 Armour: Skin              |    48 |    35 ||    83
  Dodge: Dodged            |    89 |    54 ||   143
  Block: Buckler           |    16 |       ||    16
         Kite shield       |    25 |   132 ||   157
